 Dungeon Crawl Stone Soup version 0.26-a0-52-gd53d4cd058 (webtiles) character file.

Game seed: 12472909724949471717

1075 Ge0ff the Ogre Mage (level 8, -2/79 HPs)
             Began as an Ogre Transmuter on June 6, 2020.
             Was a Follower of Sif Muna.
             Slain by an orc warrior
             ... wielding a +0 glaive
              (21 damage)
             ... on level 6 of the Dungeon.
             The game lasted 00:17:56 (7532 turns).

Ge0ff the Ogre Mage (Ogre Transmuter)               Turns: 7532, Time: 00:17:56

Health: -2/79      AC:  2    Str: 15    XL:     8   Next: 29%
Magic:  15/15      EV: 19    Int: 16    God:    Sif Muna [*.....]
Gold:   307        SH:  0    Dex: 14    Spells: 7/17 levels left

rFire    . . .     SeeInvis .     - Unarmed
rCold    . . .     Gourm    .   (shield currently unavailable)
rNeg     . . .     Faith    .   (armour currently unavailable)
rPois    x         Spirit   .   (helmet currently unavailable)
rElec    .         Reflect  .   (cloak currently unavailable)
rCorr    .         Harm     .   (gloves unavailable)
MR       .....                  (boots unavailable)
Stlth    ++........             x - amulet of magic regeneration
HPRegen  0.23/turn              M - ring of flight {=R}
MPRegen  0.39/turn              (no ring)

@: spider-form (expiring)
A: tiny, unfitting armour
a: End Transformation, Channel Magic, Renounce Religion, Evoke Flight


You were on level 6 of the Dungeon.
You worshipped Sif Muna.
Sif Muna was aware of your devotion.
You were hungry.
You were a venomous arachnid creature.
You visited 2 branches of the dungeon, and saw 7 of its levels.

You collected 307 gold pieces.

Inventory:

Hand Weapons
 w - a +0 dagger of venom {don't train}
Missiles
 a - 88 arrows
 t - 110 stones {don't train}
 v - 3 curare-tipped darts {don't train=f}
 N - 7 poisoned darts (quivered) {don't train}
Armour
 b - a +1 robe (melded)
 S - a +0 cloak (melded)
Jewellery
 x - an amulet of magic regeneration (around neck)
 M - a ring of flight (left front leg) {=R}
Wands
 e - a wand of enslavement (4)
 f - a wand of flame (15)
Scrolls
 i - 3 scrolls of identify
 y - a scroll of immolation
 z - a scroll of noise {unknown}
 B - 3 scrolls of enchant armour
 C - 3 scrolls of teleportation {unknown}
 D - 2 scrolls of remove curse {unknown}
 I - a scroll of fear {unknown}
 J - 2 scrolls of amnesia {unknown}
 K - 2 scrolls of enchant weapon {unknown}
 Q - a scroll of acquirement {unknown}
 V - a scroll of fog {unknown}
Potions
 F - a potion of curing {unknown}
 G - 2 potions of flight {unknown}
 O - a potion of lignification {unknown}
 T - 2 potions of brilliance {unknown}
Comestibles
 r - 11 rations


   Skills:
 + Level 4.6 Fighting
 - Level 2.0 Dodging
 - Level 1.0 Stealth
 - Level 3.0 Unarmed Combat
 - Level 5.0 Spellcasting
 + Level 4.1 Transmutations
 * Level 3.3 Ice Magic
 + Level 4.0 Poison Magic


You had 7 spell levels left.
You knew the following spells:

 Your Spells              Type           Power        Failure   Level  Hunger
a - Ice Form              Ice/Tmut       ###.....     54%         4    ####...
b - Spider Form           Tmut/Pois      ###.......   22%         3    ###....
s - Beastly Appendage     Tmut           ###...       10%         1    None
S - Sticks to Snakes      Tmut           ###.....     13%         2    #......

Your spell library contained the following spells:

 Spells                   Type           Power        Failure   Level  Hunger
 Animate Skeleton         Necr           N/A          34%         1    None
 Pain                     Necr           #...         34%         1    None
 Vampiric Draining        Necr           #.........   63%         3    ###....
 Blade Hands              Tmut           ###.......   78%         5    ######.
 Animate Dead             Necr           N/A          94%         4    ####...
 Agony                    Necr           #.......     99%         5    ######.


Dungeon Overview and Level Annotations

Branches:
Dungeon (6/15)             Temple (1/1) D:5

Altars:
Cheibriados
Dithmenos
Elyvilon
Gozag
Kikubaaqudgha
Nemelex Xobeh
Okawaru
Qazlal
Ru
Sif Muna
Uskayaw
Vehumet
Wu Jian
Xom
Yredelemnul
The Shining One

Annotations:
D:5 exclusion: ice beast


Innate Abilities, Weirdness & Mutations

You are too large for most types of armour.
((You have tough skin. (AC +1)))


Message History

You hit the orc warrior but do no damage.
The orc warrior is poisoned.
You closely miss the orc warrior.
Your transformation is almost over.
The orc warrior hits you with a +0 glaive!
You hit the orc warrior but do no damage.
The orc warrior looks as sick as possible!
The orc warrior barely misses you.
You hit the orc warrior.
The orc warrior looks as sick as possible!
The orc warrior is lightly wounded.
The orc warrior completely misses you.
You barely miss the orc warrior.
The orc warrior is moderately wounded.
You closely miss the orc warrior.
The orc warrior is heavily wounded.
The orc warrior hits you with a +0 glaive!!
* * * LOW HITPOINT WARNING * * *
The orc warrior hits you from afar with a +0 glaive!!
You die...

.# ##.# ###!.$
###.... ..... #..#
#o.# ########))#
#.(..[)s..#
#)######..####.##
#.# #......... #.#
##.###.... #.# #.#
#.
#.##.#######.###...
#...................
####...####.####.###
###.# #.#


You could see an orc warrior (extremely poisoned).

Vanquished Creatures
  A phantom (D:6)
  An ogre (D:6)
  A centaur (D:6)
  A scorpion (D:5)
  A howler monkey (D:6)
  A crimson imp (D:5)
  A bullfrog zombie (D:5)
  2 orc priests
  6 orc wizards
  3 iguanas
  6 worker ants
  6 adders
  2 shadow imps
  An adder zombie (D:6)
  5 worms
  2 dart slugs (D:1)
  5 leopard geckos
  24 orcs
  A ball python (D:3)
  7 giant cockroaches
  9 hobgoblins
  10 jackals
  4 quokkas
  12 bats
  3 frilled lizards
  9 goblins
  7 kobolds
  A leopard gecko zombie (D:5)
  10 rats
142 creatures vanquished.

Vanquished Creatures (collateral kills)
  A bat (D:2)
1 creature vanquished.

Grand Total: 143 creatures vanquished

Notes
Turn   | Place    | Note
-------+----------+-------------------------------------------
     0 | D:1      | Ge0ff the Ogre Transmuter began the quest for the Orb.
     0 | D:1      | Reached XP level 1. HP: 19/19 MP: 3/3
   272 | D:1      | Reached XP level 2. HP: 27/27 MP: 3/5
   647 | D:1      | Reached XP level 3. HP: 30/33 MP: 5/7
   654 | D:1      | Learned a level 2 spell: Sticks to Snakes
   658 | D:1      | Learned a level 3 spell: Spider Form
  1058 | D:1      | Reached skill level 3 in Spellcasting
  1575 | D:2      | Reached skill level 1 in Stealth
  1629 | D:2      | Reached XP level 4. HP: 42/42 MP: 6/8
  2195 | D:3      | Reached skill level 1 in Poison Magic
  2607 | D:3      | Reached XP level 5. HP: 32/50 MP: 0/9
  4332 | D:4      | Found an opulent altar of Gozag.
  4332 | D:4      | Found an iron altar of Okawaru.
  4427 | D:4      | Reached XP level 6. HP: 60/61 MP: 11/11
  4499 | D:4      | Found a stormy altar of Qazlal.
  5443 | D:5      | Entered Level 5 of the Dungeon
  5450 | D:5      | Reached skill level 4 in Spellcasting
  5498 | D:5      | Noticed an ice beast
  5531 | D:5      | Learned a level 4 spell: Ice Form
  5734 | D:5      | Found a staircase to the Ecumenical Temple.
  5795 | Temple   | Entered the Ecumenical Temple
  5842 | Temple   | Became a worshipper of Sif Muna the Loreminder
  5882 | D:5      | Found an ornate altar of the Wu Jian Council.
  6081 | D:5      | Reached XP level 7. HP: 67/67 MP: 13/13
  6182 | D:5      | Reached skill level 1 in Ice Magic
  7034 | D:6      | Reached XP level 8. HP: 26/78 MP: 15/15
  7049 | D:6      | Reached * piety under Sif Muna
  7524 | D:6      | Reached skill level 5 in Spellcasting
  7532 | D:6      | Slain by an orc warrior

Illustrated notes

Levels and vault maps discovered:
D:1:      kilobyte_arrival_exit_the_forest, layout_rooms, minmay_strange_pillars
D:2:      layout_loops_cross
D:3:      layout_loops_ring, minmay_increasing_density
D:4:      layout_basic, nicolae_overflow_crystal_walls,
          gammafunk_temple_overflow_statue, first_ration, kennysheep_path_1
D:5:      minmay_evil_eye, layout_basic, lemuel_crystal_altar,
          minmay_temple_entry_overgrown, serial_co_window_serial,
          co_window_paths_a, co_window_of_opportunity_a, co_window_paths_b,
          co_window_paths_a, co_window_corner_a, co_window_corner_cb,
          co_window_corner_ca, co_window_corner_b, co_window_corner_ca,
          co_window_corner_ca, glass_columns_a, glass_columns_a
D:6:      layout_loops_ring, grunt_temple_overflow_order_and_chaos_2,
          trog_ov_bears_minmay, kennysheep_mini, gammafunk_ghost_necromancy,
          uniq_pikel
Temple:   nicolae_temple_hex_pool

Skill      XL: |  1  2  3  4  5  6  7  8 |
---------------+-------------------------+-----
Transmutations | 2 3 4 |  4.1
Spellcasting   | 3 4 5 |  5.0
Stealth        | 1 |  1.0
Poison Magic   | 1 2 3 4 |  4.0
Fighting       | 2 3 4 |  4.6
Unarmed Combat | 3 |  3.0
Dodging        | 2 |  2.0
Ice Magic      | 2 3 |  3.3

Action                   |  1- 3 |  4- 6 |  7- 9 || total
-------------------------+-------+-------+-------++-------
Melee: Unarmed           |   149 |   230 |   146 ||   525
       Kick              |    14 |     7 |       ||    21
       Headbutt          |    10 |     1 |       ||    11
       Punch             |       |     1 |       ||     1
Throw: Stone             |     6 |    18 |       ||    24
       Dart              |       |    11 |     1 ||    12
 Cast: Beastly Appendage |    31 |    12 |       ||    43
       Sticks to Snakes  |     1 |     1 |     2 ||     4
       Spider Form       |       |    26 |    14 ||    40
 Abil: End Transformatio |       |       |     1 ||     1
  Use: Scroll            |       |     3 |       ||     3
 Stab: Sleeping          |       |     1 |     1 ||     2
  Eat: Chunk             |     3 |    14 |     5 ||    22
       Ration            |       |     1 |       ||     1
Armor: Robe              |    58 |    52 |       ||   110
       Skin              |       |     2 |     3 ||     5
Dodge: Dodged            |    72 |   145 |    82 ||   299

Table legend:
 A = Non-vault XP
 B = Vault XP
 C = Vault XP percentage of total XP
 D = Non-vault monster count
 E = Vault monster count
 F = Vault count percentage of total count
                 A         B        C        D         E       F
            +---------+---------+-------+---------+---------+-------
      Total |    1514 |      23 |   1.5 |     138 |       5 |   3.5
            +---------+---------+-------+---------+---------+-------
        D:1 |      61 |       0 |   0.0 |      33 |       0 |   0.0
        D:2 |      29 |       0 |   0.0 |      13 |       0 |   0.0
        D:3 |     191 |      10 |   5.0 |      41 |       4 |   8.9
        D:4 |     127 |       0 |   0.0 |       9 |       0 |   0.0
        D:5 |     487 |      13 |   2.6 |      27 |       1 |   3.6
        D:6 |     619 |       0 |   0.0 |      15 |       0 |   0.0
            +---------+---------+-------+---------+---------+-------
